 Dungeon Crawl Stone Soup version 0.20.1-1-g8b1a95d66d (webtiles) character file.

1156 Ivernyr the Changer (level 8, -9/48 HPs)
             Began as an Octopode Transmuter on Dec 4, 2017.
             Mangled by dengdeng's ghost (20 damage)
             ... on level 5 of the Dungeon.
             The game lasted 00:14:27 (6582 turns).

Ivernyr the Changer (Octopode Transmuter)           Turns: 6582, Time: 00:14:27

Health: -9/48      AC:  1    Str: 10    XL:     8   Next: 39%
Magic:  9/11       EV: 16    Int: 17    God:
Gold:   279        SH:  0    Dex: 15    Spells: 5/11 levels left

rFire    . . .     SeeInvis .     - Unarmed
rCold    . . .     Gourm    .   (no shield)
rNeg     . . .     Faith    .   (helmet restricted)
rPois    +         Spirit   .   (no amulet)
rElec    .         Reflect  .   y - +3 ring of dexterity
rCorr    .         Harm     .   z - ring of poison resistance
MR       .....                  (no ring)
Stlth    ++........             (no ring)
Regen    0.2/turn               (no ring)
MPRegen  0.2/turn               (no ring)
                                (no ring)
                                (no ring)

@: no status effects
A: almost no armour, stealthy swim, amphibious, 8 rings, constrict 8, camouflage
1, gelatinous body 1
a: no special abilities


You were on level 5 of the Dungeon.
You were hungry.

You visited 1 branch of the dungeon, and saw 5 of its levels.
You also visited: Sewer.

You collected 279 gold pieces.

Inventory:

Missiles
 a - 55 arrows
Jewellery
 y - a +3 ring of dexterity (left tentacle)
 z - a ring of poison resistance (right tentacle)
Scrolls
 d - 4 scrolls of identify {unknown}
 e - 2 scrolls of remove curse {unknown}
 h - 3 scrolls of recharging {unknown}
 j - 4 scrolls of immolation {unknown}
 k - 2 scrolls of enchant armour {unknown}
 l - 2 scrolls of fear {unknown}
 m - a scroll of random uselessness {unknown}
 q - 2 scrolls of amnesia {unknown}
 u - a scroll of magic mapping {unknown}
 v - 3 scrolls of teleportation {unknown}
 w - 2 scrolls of blinking {unknown}
 x - 4 scrolls of fog {unknown}
Potions
 i - 3 potions of agility {unknown}
 n - a potion of lignification {unknown}
 p - a potion of haste {unknown}
 r - a potion of curing {unknown}
 s - 2 potions of might {unknown}
 t - 2 potions of magic {unknown}
 A - 2 potions of flight {unknown}
Books
 b - a book of Changes

   Spells                             Type                      Level
   a - Beastly Appendage              Transmutation                1
   b - Sticks to Snakes               Transmutation                2
   c - Spider Form                    Transmutation/Poison         3
   d - Ice Form                       Ice/Transmutation            4
   e - Blade Hands                    Transmutation                5
Comestibles
 c - 3 bread rations
 f - 3 meat rations
 g - 3 royal jellies
 o - 2 fruits


   Skills:
 - Level 1.0 Fighting
 + Level 5.0 Dodging
 + Level 6.0 Unarmed Combat
 - Level 2.0 Spellcasting
 * Level 7.0 Transmutations


You had 5 spell levels left.
You knew the following spells:

 Your Spells              Type           Power        Failure   Level  Hunger
a - Beastly Appendage     Tmut           ####..       1%          1    #......
b - Sticks to Snakes      Tmut           ####....     1%          2    ###....
c - Spider Form           Tmut/Pois      ##........   14%         3    ###....


Dungeon Overview and Level Annotations

Branches:
Dungeon (5/15)             Temple (0/1) D:4

Altars:
Ashenzari
Elyvilon
Yredelemnul

Annotations:
D:5 Natasha; dengdeng's ghost, novice TrBe


Innate Abilities, Weirdness & Mutations

You cannot wear most types of armour.
You are very stealthy in the water. (Stealth+)
You are amphibious.
You can wear up to eight rings at the same time.
You can use your tentacles to constrict eight enemies at once.
Your skin changes colour to match your surroundings (Stealth+).
Your rubbery body absorbs attacks. (AC +1, EV +1)


Message History

* * * LOW HITPOINT WARNING * * *
The water moccasin closely misses you.
A quokka comes into view.
Dengdeng's ghost whispers, "Everlasting silence awaits you..."
The water moccasin completely misses you.
You kill the water moccasin!
Your Dodging skill increases to level 5!
Your Unarmed Combat skill increases to level 6!
Your Transmutations skill increases to level 7!
Found a cloak.
The quokka misses you.
Dengdeng's ghost keens inconsolably.
Your transformation is almost over.
The quokka bites you.
* * * LOW HITPOINT WARNING * * *
The quokka completely misses you.
There is a stone staircase leading up here.
Your transformation has ended.
Dengdeng's ghost hits you!!
You die...

..###.# #.#.#.'......#
..###.####.....#......##
...........#...#######.#
..............(#.......#
..####.###.....#.#####.#
... #...#..#..#.# #.# ..##
#.###.......# #.# ..#
#.........#######.# .##
######...rW@......# .
#.####....#.####### [
#........>#.##....#
#.......#.#.......#
#.......#.####....#
#.#######.# ####.# ### #.#
#.# #.# ..# #.#
#.#######.######## #.#
#.#######.......#........#


You could see dengdeng's ghost and a quokka.

Vanquished Creatures
  Eustachio (D:4)
  A water moccasin (D:5)
  A sky beast (D:5)
  A phantom (D:4)
  A centaur (D:5)
  A jelly (D:5)
  2 hounds
  An orc priest (D:5)
  A gnoll shaman (D:4)
  An iguana (D:4)
  Crazy Yiuf (D:4)
  3 orc wizards (D:5)
  Natasha (D:4)
  A worker ant (D:4)
  A worker ant zombie (D:5)
  4 gnolls (D:4)
  12 adders
  3 river rats (Sewer)
  An ooze (D:3)
  A worm (D:3)
  2 dart slugs (D:4)
  6 leopard geckos
  5 orcs
  3 ball pythons
  9 bats
  4 giant cockroaches
  2 gnoll zombies (D:3)
  10 goblins
  5 hobgoblins
  8 jackals
  6 quokkas
  15 frilled lizards
  10 kobolds
  A leopard gecko skeleton (D:5)
  13 rats
138 creatures vanquished.

Notes
Turn   | Place    | Note
-------+----------+-------------------------------------------
     0 | D:1      | Ivernyr the Octopode Transmuter began the quest for the Orb.
     0 | D:1      | Reached XP level 1. HP: 13/13 MP: 3/3
    84 | D:1      | Reached XP level 2. HP: 7/18 MP: 5/5
   265 | D:1      | Learned a level 2 spell: Sticks to Snakes
   631 | D:1      | Reached XP level 3. HP: 19/23 MP: 6/6
   793 | D:1      | Learned a level 3 spell: Spider Form
  1114 | D:2      | Found a white marble altar of Elyvilon.
  1375 | D:2      | Reached skill level 3 in Transmutations
  1411 | D:2      | Reached XP level 4. HP: 26/28 MP: 7/7
  2324 | D:3      | Found a glowing drain.
  2338 | Sewer    | Entered a sewer
  2480 | Sewer    | Reached XP level 5. HP: 33/33 MP: 8/8
  2693 | Sewer    | Reached skill level 4 in Transmutations
  3785 | D:3      | Found a basalt altar of Yredelemnul.
  3949 | D:4      | Noticed a phantom
  4019 | D:4      | Noticed Natasha
  4026 | D:4      | Killed Natasha
  4026 | D:4      | Reached XP level 6. HP: 38/38 MP: 5/9
  4596 | D:4      | Noticed Eustachio
  4619 | D:4      | Killed Eustachio
  4619 | D:4      | Reached skill level 5 in Transmutations
  4619 | D:4      | Reached XP level 7. HP: 33/43 MP: 2/10
  4725 | D:4      | Found a shattered altar of Ashenzari.
  4825 | D:4      | Reached skill level 5 in Unarmed Combat
  5018 | D:4      | Found a runed door.
  5138 | D:4      | Found a staircase to the Ecumenical Temple.
  5328 | D:4      | Noticed Crazy Yiuf
  5335 | D:4      | Killed Crazy Yiuf
  5377 | D:5      | Entered Level 5 of the Dungeon
  5656 | D:5      | Reached skill level 6 in Transmutations
  5879 | D:5      | Reached XP level 8. HP: 31/48 MP: 5/11
  5886 | D:5      | Noticed Natasha
  5905 | D:5      | Noticed dengdeng's ghost (novice TrBe)
  6566 | D:5      | Reached skill level 5 in Dodging
  6566 | D:5      | Reached skill level 7 in Transmutations
  6582 | D:5      | Mangled by dengdeng's ghost

Skill      XL: |  1  2  3  4  5  6  7  8 |
---------------+-------------------------+-----
Transmutations | 3 4 5 6 7 |  7.0
Dodging        | 3 4 5 |  5.0
Unarmed Combat | 4 5 6 |  6.0
Fighting       | |  1.0
Spellcasting   | |  2.0

Action                   |  1- 3 |  4- 6 |  7- 9 || total
-------------------------+-------+-------+-------++-------
Melee: Unarmed           |    89 |   184 |   105 ||   378
       Constrict         |    19 |    36 |     9 ||    64
       Tentacles         |     9 |    19 |     5 ||    33
       Punch             |     2 |     1 |       ||     3
       Kick              |       |     9 |     1 ||    10
 Cast: Spider Form       |     1 |     6 |     9 ||    16
       Beastly Appendage |       |     7 |     3 ||    10
 Stab: Sleeping          |     5 |    14 |     3 ||    22
       Distracted        |     1 |       |       ||     1
  Eat: Chunk             |     1 |    11 |     8 ||    20
Armor: Skin              |     9 |    11 |     5 ||    25
Dodge: Dodged            |    50 |   123 |    85 ||   258
